 Dungeon Crawl Stone Soup version 0.28.0-49-g6dfe1f597d (webtiles) character file.

Game seed: 5587392866394846218

23 GigaChad the Skirmisher (level 2, -9/27 HPs)
             Began as a Minotaur Fighter on May 12, 2022.
             Mangled by Sigmund
             ... wielding a +3 scythe
              (14 damage)
             ... on level 2 of the Dungeon.
             The game lasted 00:02:35 (980 turns).

GigaChad the Skirmisher (Minotaur Fighter)           Turns: 980, Time: 00:02:35

Health: -9/27      AC:  7    Str: 20    XL:     2   Next: 75%
Magic:  1/1        EV:  9    Int: 11    God:
Gold:   38         SH:  4    Dex:  9    Spells: 1/1 levels left

rFire   . . .      SeeInvis .   a - +0 long sword
rCold   . . .      Faith    .   c - +0 buckler
rNeg    . . .      Spirit   .   b - +0 scale mail
rPois   .          Reflect  .   (helmet restricted)
rElec   .          Harm     .   (no cloak)
rCorr   .          Rampage  .   (no gloves)
Will    .....                   (no boots)
Stlth   ..........              (no amulet)
HPRegen 0.09/turn               e - +6 ring of intelligence
MPRegen 0.07/turn               (no ring)

@: no status effects
A: horns 2, retaliatory headbutt
a: no special abilities


You were on level 2 of the Dungeon.
You visited 1 branch of the dungeon, and saw 2 of its levels.

You collected 38 gold pieces.

Inventory:

Hand Weapons
 a - a +0 long sword (weapon)
Armour
 b - a +0 scale mail (worn)
 c - a +0 buckler (worn)
Jewellery
 e - a +6 ring of intelligence (left hand)
Scrolls
 g - a scroll of amnesia {unknown}
 h - a scroll of enchant weapon {unknown}
Potions
 d - a potion of might
 f - a potion of heal wounds {unknown}
 i - a potion of berserk rage {unknown}


   Skills:
 + Level 4.2 Fighting
 + Level 2.8 Long Blades
 + Level 3.8 Armour
 + Level 4.0 Shields


You had one spell level left.
You didn't know any spells.
Your spell library contained the following spells:

 Spells                   Type           Power      Damage    Failure   Level
 Shock                    Conj/Air       0%         1d3       78%         1
 Swiftness                Air            0%         N/A       98%         3
 Airstrike                Air            0%         N/A       100%        4


Dungeon Overview and Level Annotations

Branches:
Dungeon (2/15)

Altars:

Annotations:
D:2 Sigmund


Innate Abilities, Weirdness & Mutations

You have a pair of horns on your head.
You reflexively headbutt those who attack you in melee.


Message History

The kobold hits you with a +0 short sword.
You closely miss the kobold. You headbutt the kobold.
You kill the kobold!
You see here a +0 short sword.
A hobgoblin comes into view.
The hobgoblin shouts!
Sigmund the Dreaded comes into view.
He is wielding a +3 scythe.
Sigmund shouts!
A jackal comes into view.
The hobgoblin barely misses you.
The jackal barks!
You hit the hobgoblin.
The hobgoblin is almost dead.
Sigmund barely misses you. The hobgoblin barely misses you.
You slash the hobgoblin!
You kill the hobgoblin!
Sigmund hits you from afar with a +3 scythe!
Sigmund points at you and mumbles some strange words.
The puff of flame hits you.
The jackal bites you but does no damage.
You closely miss Sigmund.
Sigmund casts a spell.
Sigmund flickers and vanishes!
Deactivating autopickup; reactivate with Ctrl-A.
A jackal comes into view.
The jackal barely misses you.
You miss something.
The jackal barks!
The jackal bites you but does no damage.
Something hits you.
* * * LOW HITPOINT WARNING * * *
The jackal bites you but does no damage.
You closely miss something. The jackal bites you.
* * * LOW HITPOINT WARNING * * *
Something completely misses you. The jackal completely misses you.
You furiously retaliate!
You headbutt the jackal!
You kill the jackal!
You hit something. Something hits you!
Ouch! That really hurt!
You die...

######### #... ... ###
#######.######.
.....#####.........#....
.....h{@................
.......#................
##.#.#.#.#.#####.#.#####
# #...#.# #........
##..#.# #........ #..#.#
###........ ##.#..
........... #..##
##........ #....))..


You could see a jackal.

Vanquished Creatures
  A dart slug (D:1)
  A ball python (D:1)
  2 bats (D:1)
  An endoplasm (D:2)
  2 giant cockroaches (D:1)
  2 goblins
  2 hobgoblins
  A jackal (D:2)
  2 frilled lizards (D:1)
  2 kobolds (D:2)
  4 rats (D:1)
20 creatures vanquished.

Notes
Turn   | Place    | Note
-------+----------+-------------------------------------------
     0 | D:1      | GigaChad the Minotaur Fighter began the quest for the Orb.
     0 | D:1      | Reached XP level 1. HP: 19/19 MP: 0/0
   290 | D:1      | Reached XP level 2. HP: 24/27 MP: 1/1
   970 | D:2      | Noticed Sigmund
   980 | D:2      | Mangled by Sigmund

Illustrated notes

Levels and vault maps discovered:
D:1:      dpeg_arrival_round_c, layout_loops_ring
D:2:      layout_basic, basic_altar, uniq_sigmund

Skill      XL: |  1  2 |
---------------+-------+-----
Shields        | 4 |  4.0
Fighting       | 4 |  4.2
Long Blades    | |  2.8
Armour         | |  3.8

Action                   || total
-------------------------++-------
Melee: Long sword        ||    42
       Headbutt          ||     4
  Use: Scroll            ||     1
Armor: Scale mail        ||    22
Dodge: Dodged            ||    25
Block: Buckler           ||    11
